 Dungeon Crawl Stone Soup version 0.27.0-1-g7a089689b8 (webtiles) character file.

Game seed: 16436119643383138605

100 Ijustatesigmund the Skirmisher (level 4, 0/29 HPs)
             Began as a Gargoyle Fighter on Aug 10, 2021.
             Slain by Natasha (5 damage)
             ... on level 2 of the Dungeon.
             The game lasted 00:02:29 (2105 turns).

Ijustatesigmund the Skirmisher (Gargoyle Fighter)   Turns: 2105, Time: 00:02:29

Health: 0/29       AC: 10    Str: 19    XL:     4   Next: 73%
Magic:  4/4        EV:  7    Int:  9    God:
Gold:   73         SH:  9    Dex: 10    Spells: 3/3 levels left

rFire    . . .     SeeInvis .   a - +0 flail
rCold    . . .     Faith    .   c - +0 kite shield
rNeg     + . .     Spirit   .   b - +0 scale mail
rPois    ∞         Reflect  .   (no helmet)
rElec    +         Harm     .   (no cloak)
rCorr    .         Rampage  .   (no gloves)
Will     .....                  (no boots)
Stlth    ..........             (no amulet)
HPRegen  0.09/turn              (no ring)
MPRegen  0.09/turn              (no ring)

@: no status effects
A: sickness immunity, AC +3, negative energy resistance 1, electricity
resistance, torment resistance 1, petrification resistance
a: no special abilities


You were on level 2 of the Dungeon.
You visited 1 branch of the dungeon, and saw 2 of its levels.

You collected 73 gold pieces.

Inventory:

Hand Weapons
 a - a +0 flail (weapon)
Armour
 b - a +0 scale mail (worn)
 c - a +0 kite shield (worn)
Jewellery
 j - an amulet of reflection
Scrolls
 e - a scroll of teleportation {unknown}
 f - 2 scrolls of identify {unknown}
 i - a scroll of enchant armour {unknown}
Potions
 d - a potion of flight {unknown}
 g - 2 potions of invisibility {unknown}
 h - a potion of lignification {unknown}


   Skills:
 + Level 4.2 Fighting
 * Level 4.1 Maces & Flails
 - Level 3.2 Armour
 - Level 3.2 Shields


You had 3 spell levels left.
You didn't know any spells.
Your spell library was empty.

Dungeon Overview and Level Annotations

Branches:
Dungeon (2/15)

Altars:

Annotations:
D:2 Natasha


Innate Abilities, Weirdness & Mutations

You are immune to sickness and miasma.
Your stone body is resilient. (AC +3)
You are immune to poison.
You resist negative energy. (rN+)
You are resistant to electric shocks. (rElec)
You are resistant to unholy torment.
You are immune to petrification.


Message History

Natasha, Servant of Life and Death comes into view.
She is carrying a wand of polymorph (4).
Natasha hisses angrily.
Natasha zaps a wand.
You resist with some effort. Natasha casts a spell at you.
The magic dart hits you.
You barely miss Natasha.
Natasha zaps a wand.
You resist with some effort.
You closely miss Natasha. Natasha casts a spell at you.
The magic dart hits you. You block Natasha's attack.
You closely miss Natasha. Natasha claws you.
You closely miss Natasha.
Natasha stares at you and mumbles some strange words.
The magic dart hits you.
You hit Natasha.
Natasha is lightly wounded.
You block Natasha's attack.
Natasha zaps a wand.
You resist with some effort.
You hit Natasha.
Natasha is heavily wounded.
Natasha casts a spell at you. The magic dart hits you!
You are too injured to fight recklessly!
You are too injured to fight recklessly!
You are too injured to fight recklessly!
You are too injured to fight recklessly!
You are too injured to fight recklessly!
You are too injured to fight recklessly!
You hit Natasha.
Natasha is severely wounded.
Natasha claws you but does no damage.
Natasha mumbles some strange words.
You closely miss Natasha.
Natasha is severely wounded.
Natasha stares at you and mumbles some strange words.
The magic dart hits you.
* * * LOW HITPOINT WARNING * * *
The iron imp shouts, "Slither hence, thou rank hell-hated wastrel!"
You barely miss Natasha.
Natasha is severely wounded.
Natasha claws you.
You die...

#.#...##........#
#..........
#.....####'######
###........ ##....#
#.# #........ ##....#
#.############........
###..##
#.#...................
# #..#
#.#.##################
#..# #.#.#
#..#####.#.###########
##>......#.#..@h5.....
#########.#.#########
#.#.# #.#.# #.#.#
#.#.# #.#.# #.#.#
#.#.#


You could see an iron imp (summoned) and Natasha.

Vanquished Creatures
  Natasha (D:2)
  An iguana (D:2)
  An adder (D:2)
  3 dart slugs (D:2)
  5 endoplasms
  2 giant cockroaches (D:1)
  4 goblins
  2 hobgoblins
  A quokka (D:2)
  5 ball pythons
  A bat (D:2)
  A frilled lizard (D:1)
  4 kobolds
  3 rats (D:1)
34 creatures vanquished.

Notes
Turn   | Place    | Note
-------+----------+-------------------------------------------
     0 | D:1      | Ijustatesigmund the Gargoyle Fighter began the quest for
                  | the Orb.
     0 | D:1      | Reached XP level 1. HP: 14/14 MP: 1/1
   325 | D:1      | Reached XP level 2. HP: 6/19 MP: 2/2
  1410 | D:2      | Reached XP level 3. HP: 24/24 MP: 3/3
  1415 | D:2      | Noticed Natasha
  1426 | D:2      | Killed Natasha
  1427 | D:2      | Reached XP level 4. HP: 13/29 MP: 4/4
  1737 | D:2      | Found a faded altar of an unknown god.
  2094 | D:2      | Noticed Natasha
  2105 | D:2      | Slain by Natasha

Illustrated notes

Levels and vault maps discovered:
D:1:      co_arrival_random_square_maze, layout_basic, chequers_mini_garden,
          minmay_quantized
D:2:      layout_basic, basic_ecumenical_altar, uniq_natasha, uniq_jessica

Skill      XL: |  1  2  3  4 |
---------------+-------------+-----
Maces & Flails | 3 4 |  4.1
Fighting       | 4 |  4.2
Armour         | |  3.2
Shields        | |  3.2

Action                   |  1- 3 |  4- 6 || total
-------------------------+-------+-------++-------
Melee: Flail             |    66 |    41 ||   107
       Unarmed           |     4 |     1 ||     5
  Use: Potion            |     1 |       ||     1
Armor: Scale mail        |    38 |    10 ||    48
       Skin              |     5 |       ||     5
Dodge: Dodged            |    25 |    12 ||    37
Block: Kite shield       |    45 |    17 ||    62
